 Dungeon Crawl Stone Soup version 0.30-a0-149-g7f746667c4 (webtiles) character file.

Game seed: 14905633000828596470

128 ytrimaz the Stinger (level 5, -1/33 HPs)
             Began as an Octopode Transmuter on Sept 26, 2022.
             Killed by nerve-wracking pain
             ... invoked by an orc priest
              (10 damage)
             ... on level 3 of the Dungeon.
             The game lasted 00:03:32 (3511 turns).

ytrimaz the Stinger (Octopode Transmuter)           Turns: 3511, Time: 00:03:32

Health: -1/33      AC:  2    Str:  9    XL:     5   Next: 12%
Magic:  6/8        EV: 19    Int: 18    God:
Gold:   122        SH:  0    Dex: 17    Spells: 2/8 levels left

rFire   . . .      SeeInvis .      - Unarmed
rCold   . . .      Faith    .    (shield currently unavailable)
rNeg    . . .      Spirit   .    (helmet currently unavailable)
rPois   x          Reflect  .    (no amulet)
rElec   .          Harm     .    (no ring)
rCorr   .          Rampage  .    (no ring)
Will    .....                    (no ring)
Stlth   ++........               (no ring)
HPRegen 0.11/turn                (no ring)
MPRegen 0.11/turn                (no ring)
                                 (no ring)
                                 (no ring)

@: spider-form (expiring), flying
A: venomous fangs, almost no armour, (amphibious), 8 rings, tiny, (camouflage
1), (gelatinous body 1), (nimble swimmer 1), (tentacles)
a: End Transformation


You were on level 3 of the Dungeon.
You were a venomous arachnid creature.
You visited 1 branch of the dungeon, and saw 3 of its levels.

You collected 122 gold pieces.


Innate Abilities, Weirdness & Mutations

You are a venomous arachnid creature.
You have poisonous fangs.
You are tiny and dextrous.
Your spellcasting is less reliable in this form.
Your armour is entirely melded.
You are incapable of wielding weapons or throwing items.
You cannot wear most types of armour.
((You are amphibious.))
You can wear up to eight rings at the same time.
((Your skin changes colour to match your surroundings (Stealth+).))
((Your rubbery body absorbs attacks. (AC +1, EV +1)))
((You are camouflaged when in or above water. (Stealth+)))
((You have tentacles for arms and can constrict up to eight enemies at once.))


   Skills:
 - Level 1.0 Fighting
 - Level 2.0 Dodging
 - Level 3.0 Unarmed Combat
 - Level 2.0 Spellcasting
 - Level 2.0 Transmutations
 + Level 3.1 Ice Magic
 + Level 3.8 Poison Magic


You had 2 spell levels left.
You knew the following spells:

 Your Spells              Type           Power      Damage    Failure   Level
a - Beastly Appendage     Tmut           18%        N/A       21%         1
b - Wereblood             Tmut           9%         N/A       28%         2
c - Spider Form           Tmut/Pois      12%        N/A       34%         3

Your spell library contained the following spells:

 Spells                   Type           Power      Damage    Failure   Level
 Ice Form                 Ice/Tmut       11%        N/A       75%         4

Inventory:

Jewellery
 d - a ring of fire
   (You found it on level 1 of the Dungeon)
Scrolls
 g - a scroll of brand weapon
 h - a scroll of teleportation
Potions
 a - 2 potions of lignification
 b - a potion of haste
 c - a potion of mutation
 e - a potion of magic {unknown}
 f - a potion of might {unknown}
 k - a potion of invisibility {unknown}

Dungeon Overview and Level Annotations

Branches:
Dungeon (3/15) Zot: 14494

Altars:

###### #....##....# #....# . ###
#....##....# #....# #.##. #.##
#....##..... #....#
#..#.##..####.....####.#
#....####...##....##.....# #..
#......###...#.##......[.#####.
#........#.........#.......###.
#.........#.##o###..........###
#...........#.s# #?....#.##...#
#....†..#.....####.....#.##.#.#
#....................o...##....
#####...##......##o....#.......
#...##.#...................
#...##...............#.....
#...##.#.####......#.......
###########.......##.....##..)...
#..<......#.......##.....###.....


You could see an orc priest (very poisoned).


Message History

You kill the kobold!
Unknown command.
Things that are here:
a +0 short sword; a +0 dagger; a kobold corpse You see here a +0 pair of gloves of dexterity.
Your magical contamination has completely faded away. 😕 HP[+1] MP[+1] Key pressed, stopping explore.
Unknown command. 😕 HP[+3] MP[+2]
You regained 3 hp, and now have 30/33 hp.
Your mp is fully restored (8).
As you read the scroll labelled KOBEIPSIATU, it crumbles to dust.
Magic quickly surges around you.
It was a scroll of vulnerability.
Unknown command.
There is an open door, spattered with blood here.
Key pressed, stopping explore.
You feel your willpower return.
j - a black potion 😎 HP[+3]
Your hp is fully restored (33).
Unknown command.
An orc comes into view. It is wielding a +0 hand axe.
An orc is nearby!
An orc is nearby!
An orc is nearby!
An orc priest comes into view. It is wielding a +0 mace.
An orc comes into view. It is wielding a +0 dagger.
The orc priest moves out of view.
The orc priest shouts!
The orc shouts! x2
The orc closely misses you.
Unknown command.
The orc attacks as you move away! The orc hits you with a +0 hand axe.
The orc priest casts a cantrip, but nothing happens. 😕 HP[-6]
You take 6 damage, and now have 27/33 hp. 😕 HP[+1]
The orc attacks as you move away!
The orc hits you with a +0 hand axe. 😮 HP[-5]
You take 5 damage, and now have 23/33 hp.
Casting: Spider Form (quite dangerous; 17% risk of failure)
Confirm with . or Enter, or press ? or * to list all spells.
The spell is quite dangerous to miscast (17% risk of failure)!
Continue anyway?
You turn into a venomous arachnid creature.
The orc closely misses you. 😮 MP[-3]
You lost 3 mp, and now have 5/8 mp.
Unknown command.
Casting: Spider Form (quite dangerous; 36% risk of failure)
Confirm with . or Enter, or press ? or * to list all spells.
The spell is quite dangerous to miscast (28% risk of failure)!
Continue anyway?
Okay, then.
The orc attacks as you move away! The orc closely misses you.
You hit the orc.
The orc is poisoned.
You hit the orc.
The orc looks as sick as possible!
You kill the orc!
Unknown command.
Things that are here:
a +0 hand axe; a +0 leather armour You hit the orc but do no damage.
The orc is poisoned.
The orc priest calls down the wrath of Beogh upon you.
Pain shoots through your body!
* * * LOW HITPOINT WARNING * * *
😨 HP[-8]
You take 8 damage, and now have 15/33 hp.
MASSIVE DAMAGE!! (PAUSE) 😨 HP[+1] Unknown command.
You hit the orc. The orc barely misses you.
Unknown command.
You hit the orc.
You kill the orc! 😨 MP[+1]
You hit the orc priest but do no damage.
The orc priest is poisoned.
Your transformation is almost over.
The orc priest mumbles some strange prayers to Beogh against you.
Beogh smites you!
* * * LOW HITPOINT WARNING * * *
😱 HP[-11]
You take 11 damage, and now have 5/33 hp.
MASSIVE DAMAGE!! (PAUSE)
You feel better. The orc priest misses you. 😨 HP[+6]
You regained 6 hp, and now have 11/33 hp.
You hit the orc priest but do no damage.
The orc priest miscasts a cantrip.
Unknown command.
You barely miss the orc priest. The orc priest hits you with a +0 mace.
* * * LOW HITPOINT WARNING * * *
😨 HP[-2]
You take 2 damage, and now have 9/33 hp.
Unknown command.
You hit the orc priest. The orc priest completely misses you.
It was a potion of flight.
You feel very buoyant.
You fly up into the air.
The orc priest calls down the wrath of Beogh upon you.
Pain shoots through your body!
You die...

Skill      XL: |  1  2  3  4 |
---------------+-------------+-----
Poison Magic   | 1 2 3 |  3.8
Ice Magic      | 1 2 3 |  3.1
Fighting       | |  1.0
Dodging        | |  2.0
Unarmed Combat | |  3.0
Spellcasting   | |  2.0
Transmutations | |  2.0

Action                   |  1- 3 |  4- 6 || total
-------------------------+-------+-------++-------
Melee: Unarmed           |    82 |    53 ||   135
       Constrict         |    20 |    10 ||    30
       Tentacles         |    18 |    15 ||    33
       Kick              |     6 |       ||     6
       Punch             |     2 |       ||     2
 Cast: Beastly Appendage |     4 |       ||     4
       Spider Form       |     2 |     3 ||     5
  Use: Scroll            |     4 |     3 ||     7
       Potion            |       |     2 ||     2
 Stab: Sleeping          |     6 |       ||     6
Armor: Skin              |     5 |       ||     5
Dodge: Dodged            |    45 |    32 ||    77

Levels and vault maps discovered:
D:1:      amcnicky_arrival_underground_garden, layout_basic,
          hellmonk_ecumenical_altar_crossroads, glass_columns_b
D:2:      layout_basic
D:3:      cheibrodos_pilgrimage, layout_rooms, corexii_shack,
          minmay_crystal_room

Notes
Turn   | Place    | Note
-------+----------+-------------------------------------------
     0 | D:1      | ytrimaz the Octopode Transmuter began the quest for the
                  | Orb.
     0 | D:1      | Reached XP level 1. HP: 13/13 MP: 3/3
     0 | D:1      | magus.rc [v1.9.6]
    16 | D:1      | Found a faded altar of an unknown god.
   209 | D:1      | Reached skill level 1 in Poison Magic
   459 | D:1      | Reached skill level 1 in Ice Magic
   459 | D:1      | Reached XP level 2. HP: 7/18 MP: 5/5
  1562 | D:2      | Reached skill level 2 in Poison Magic
  1562 | D:2      | Reached XP level 3. HP: 14/23 MP: 6/6
  1565 | D:2      | Learned a level 2 spell: Wereblood
  1569 | D:2      | Learned a level 3 spell: Spider Form
  2009 | D:2      | Reached skill level 2 in Ice Magic
  2716 | D:3      | Reached XP level 4. HP: 18/28 MP: 3/7
  2718 | D:3      | Reached skill level 3 in Poison Magic
  3175 | D:3      | Reached skill level 3 in Ice Magic
  3175 | D:3      | Reached XP level 5. HP: 20/33 MP: 4/8
  3506 | D:3      | HP: 5/33 [orc priest/divine providence (11)]
  3511 | D:3      | Killed from afar by an orc priest

Vanquished Creatures
  A hound (D:3)
  3 adders
  A white imp (D:3)
  2 worms (D:2)
  A dart slug (D:2)
  5 orcs (D:3)
  2 ball pythons (D:1)
  3 bats
  4 endoplasms
  A giant cockroach (D:3)
  4 goblins
  9 hobgoblins
  3 jackals (D:2)
  5 kobolds
  A quokka (D:3)
  4 frilled lizards
  4 rats
53 creatures vanquished.

Table legend:
 A = Non-vault XP
 B = Vault XP
 C = Vault XP percentage of total XP
 D = Non-vault monster count
 E = Vault monster count
 F = Vault count percentage of total count
                 A         B        C        D         E       F
            +---------+---------+-------+---------+---------+-------
      Total |     170 |      14 |   7.6 |      48 |       5 |   9.4
            +---------+---------+-------+---------+---------+-------
        D:1 |      24 |       0 |   0.0 |      14 |       0 |   0.0
        D:2 |      46 |       0 |   0.0 |      16 |       0 |   0.0
        D:3 |     100 |      14 |  12.3 |      18 |       5 |  21.7
            +---------+---------+-------+---------+---------+-------

Illustrated notes

Table legend:
 A = Kills in this place as a percentage of kills in entire the game.
 B = Kills by you in this place as a percentage of kills by you in the entire game.
 C = Kills by friends in this place as a percentage of kills by friends in the entire game.
 D = Other kills in this place as a percentage of other kills in the entire game.
 E = Experience gained in this place as a percentage of experience gained in the entire game.
 F = Experience gained in this place divided by the number of levels of this place that you have seen.
                   A       B       C       D       E      F
               +-------+-------+-------+-------+-------+----------------------
         Total | 100.0 | 100.0 |   N/A |   N/A | 100.0 |  61.3
       Dungeon | 100.0 | 100.0 |   N/A |   N/A | 100.0 |  61.3
               +-------+-------+-------+-------+-------+----------------------

Table legend: (Time is in decaauts)
 A = Elapsed time spent in this place.
 B = Non-inter-level travel time spent in this place.
 C = Inter-level travel time spent in this place.
 D = Time resting spent in this place.
 E = Time spent auto-exploring this place.
 F = Levels seen in this place.
 G = Mean time per level.
                   A        B        C        D        E       F      G
               +--------+--------+--------+--------+--------+-----+--------+
         Total |   3504 |   3402 |    102 |      0 |   2985 |   3 | 1168.0 |
       Dungeon |   3504 |   3402 |    102 |      0 |   2985 |   3 | 1168.0 |
               +--------+--------+--------+--------+--------+-----+--------+

Top non-repeatable levels by time:
     D:1: 1517 daAuts
     D:2: 1067 daAuts
     D:3: 919 daAuts
